Map: Odyssey LE

Players

Nerchio

  • Race: Zerg Zerg
  • Spawn Location: 5:00

TRUE - Winner!

  • Race: Zerg Zerg
  • Spawn Location: 11:00

Event: WCS Montreal 2017

VOD

Have the link to the VOD?

Description

Time

  • Played on: Sept. 9, 2017, 5:05 p.m.
  • Length: 3:52

All games in this series

Show
View Real Time Build Order
Export as new Build Order

Nerchio Zerg 

Build Orders: Hatch First 

Get SALT Encoding   

  12  0:00  Drone  
  13  0:12  Overlord  
  13  0:17  Drone  
  14  0:30  Drone x2  
  14  0:34  Drone  
  17  0:52  Hatchery  
  17  0:55  Drone  
  17  0:59  Drone  
  18  1:09  Extractor  
  17  1:14  Spawning Pool  
  17  1:17  Drone  
  17  1:20  Drone  
  18  1:27  Drone  
  19  1:38  Overlord  
  19  2:01  Queen, Zergling x2  
  19  2:02  Zergling x2  
  19  2:03  Queen  
  19  2:04  Zergling x2  
  26  2:09  Metabolic Boost  
  26  2:15  Spine Crawler  
  25  2:18  Drone  
  25  2:21  Drone  
  27  2:25  Drone  
  27  2:28  Drone  
  29  2:33  Drone  
  31  2:37  Drone  
  31  2:46  Drone  
  31  2:48  Drone  
  31  2:49  Baneling Nest  
  33  2:59  Drone  
  33  3:01  Zergling x2  
  35  3:06  Queen, Spine Crawler  
  35  3:11  Overlord  
  36  3:17  Overlord  
  35  3:30  Spine Crawler  
  35  3:32  Zergling x2, Baneling  
  34  3:35  Zergling x2  
Show
View Real Time Build Order
Export as new Build Order

TRUE Zerg - Winner!

Build Orders: Pool First 

Get SALT Encoding   

  12  0:00  Drone  
  13  0:12  Overlord  
  13  0:17  Drone  
  14  0:30  Drone x2  
  14  0:34  Drone  
  17  0:41  Extractor  
  16  0:47  Spawning Pool  
  16  0:50  Drone  
  16  0:59  Drone  
  17  1:17  Hatchery  
  16  1:21  Drone  
  17  1:34  Queen  
  19  1:41  Metabolic Boost  
  19  1:45  Zergling x2  
  20  1:49  Zergling x2  
  21  2:01  Baneling Nest  
  21  2:02  Zergling x2  
  21  2:05  Zergling x2  
  22  2:11  Overlord  
  22  2:29  Zergling x6  
  25  2:39  Zergling x2  
  25  2:41  Zergling x2  
  25  2:43  Zergling x4  
  25  2:44  Zergling x2  
  30  2:49  Baneling x4  
  30  2:54  Zergling x2  
  30  2:56  Zergling x2  
  32  3:01  Zergling x2  
  33  3:06  Zergling x2  
  33  3:12  Zergling x2  
  35  3:14  Zergling x2, Baneling x2  
  34  3:27  Zergling x2  
  34  3:28  Zergling x2  
  34  3:32  Zergling x2  
Tags
 
Add a new tag
Caveats
  • Supply blocks, unpowered buildings, or Contaminate may cause inaccurate times.
  • Supply counts are checked every 10 seconds.